 Dungeon Crawl Stone Soup version 0.28.0-45-g0d030f2227 (webtiles) character file.

Game seed: 7079735695013073103

34 protoss039 the Digger (level 3, -4/19 HPs)
             Began as a Gargoyle Earth Elementalist on Apr 30, 2022.
             Slain by Sigmund
             ... wielding a +0 scythe
              (9 damage)
             ... on level 2 of the Dungeon.
             The game lasted 00:04:08 (1485 turns).

protoss039 the Digger (Gargoyle Earth Elementalist) Turns: 1485, Time: 00:04:09

Health: -4/19      AC:  5    Str: 11    XL:     3   Next: 31%
Magic:  5/6        EV: 12    Int: 17    God:
Gold:   64         SH:  0    Dex: 10    Spells: 0/6 levels left

rFire   . . .      SeeInvis .   d - +0 rapier
rCold   . . .      Faith    .   (no shield)
rNeg    + . .      Spirit   .   b - +0 robe
rPois   ∞          Reflect  .   (no helmet)
rElec   +          Harm     .   (no cloak)
rCorr   .          Rampage  .   (no gloves)
Will    .....                   (no boots)
Stlth   ++........              (no amulet)
HPRegen 0.06/turn               (no ring)
MPRegen 0.10/turn               (no ring)

@: about to teleport
A: sickness immunity, AC +3, negative energy resistance 1, electricity
resistance, torment resistance 1, petrification resistance
a: no special abilities


You were on level 2 of the Dungeon.
You visited 1 branch of the dungeon, and saw 2 of its levels.

You collected 64 gold pieces.

Inventory:

Hand Weapons
 d - a +0 rapier (weapon)
Missiles
 c - 86 stones
Armour
 b - a +0 robe (worn)
Scrolls
 j - a scroll of magic mapping
Potions
 f - a potion of might {unknown}
 g - 2 potions of mutation {unknown}
 h - a potion of magic {unknown}
 i - a potion of brilliance {unknown}
 k - a potion of lignification {unknown}


   Skills:
 + Level 1.9 Dodging
 + Level 2.7 Stealth
 + Level 2.3 Spellcasting
 + Level 1.2 Transmutations
 + Level 4.0 Earth Magic


You couldn't memorise any spells.
You knew the following spells:

 Your Spells              Type           Power      Damage    Failure   Level
a - Sandblast             Erth           30%        2d9       3%          1
b - Passwall              Tmut/Erth      8%         N/A       10%         2
c - Stone Arrow           Conj/Erth      16%        3d8       26%         3

Your spell library contained the following spells:

 Spells                   Type           Power      Damage    Failure   Level
 Freeze                   Ice            4%         1d3       19%         1
 Frozen Ramparts          Ice            2%         1d2       50%         3
 Petrify                  Tmut/Erth      10%        N/A       54%         4
 Hailstorm                Conj/Ice       1%         3d3       88%         4


Dungeon Overview and Level Annotations

Branches:
Dungeon (2/15)

Altars:

Shops:
D:2 [

Annotations:
D:2 Sigmund


Innate Abilities, Weirdness & Mutations

You are immune to sickness and miasma.
Your stone body is resilient. (AC +3)
You are immune to poison.
You resist negative energy. (rN+)
You are resistant to electric shocks. (rElec)
You are resistant to unholy torment.
You are immune to petrification.


Message History

The kobold shouts!
The kobold barely misses you.
Sigmund shouts!
The kobold hits you with the +12 spear "Pontang" {drain, rPois}!
Ouch! That really hurt!
* * * LOW HITPOINT WARNING * * *
Unknown command.
Unknown command.
Press: ? - help, v - describe, . - travel
Here: a kobold, wielding the +12 spear "Pontang" {drain, rPois} The floor.
Casting: Sandblast (safe; 3% risk of failure)
Confirm with . or Enter, or press ? or * to list all spells.
Aiming: Sandblast (safe; 3% risk of failure)
Press: ? - help, Shift-Dir - straight line, f - kobold
Aim: a kobold, wielding the +12 spear "Pontang" {drain, rPois} (74% to hit)
The blast of sand hits the kobold.
You kill the kobold!
A hobgoblin comes into view.
Unknown command.
Okay, then.
Okay, then.
As you read the scroll labelled WOUCRU NECY, it crumbles to dust.
It is a scroll of amnesia.
Really abort (and waste the scroll)? [Y]es or [N]o only, please.
Really abort (and waste the scroll)?
Okay, then.
Unknown command.
As you read the scroll labelled JELUACS TYOXA, it crumbles to dust.
It is a scroll of identify.
j - a scroll of magic mapping Sigmund barely misses you.
Unknown command.
Sigmund drinks a potion.
Sigmund seems to speed up.
As you read the scroll labelled OPTASIL HECRU, it crumbles to dust.
You feel strangely unstable.
It was a scroll of teleportation.
Unknown command.
Sigmund hits you from afar with a +0 scythe!
You die...

.. ...... ...#
###..#.##.# #..# ## #
#....#.##.# #..# #8 #.
#....#.#..# #..# #. #..
#....#.⌠.⌠###..# #.
..##.......∩..##..###.
'...'.......⌠)⌠.......##
#...##...#..##.#........
#......@....##.#.#.#..##
#......g....##.#.#....#.
#.......@....#.#.#....#.
###..)..)...)#.#.#....#^
..............#.#....#8
............#..#.#.#####
............#..#.#. #
....#####......# #. #
... #..... # #.#####


You could see Sigmund (fast) and a hobgoblin.

Vanquished Creatures
  3 bats (D:1)
  3 endoplasms
  5 giant cockroaches
  3 hobgoblins
  2 quokkas (D:1)
  A ball python (D:1)
  3 frilled lizards (D:1)
  4 goblins
  3 kobolds
  2 rats (D:1)
29 creatures vanquished.

Notes
Turn   | Place    | Note
-------+----------+-------------------------------------------
     0 | D:1      | protoss039 the Gargoyle Earth Elementalist began the quest
                  | for the Orb.
     0 | D:1      | Reached XP level 1. HP: 10/10 MP: 3/3
   400 | D:1      | Reached skill level 1 in Transmutations
   400 | D:1      | Reached XP level 2. HP: 12/15 MP: 1/5
  1047 | D:1      | Reached XP level 3. HP: 18/19 MP: 6/6
  1276 | D:2      | Learned a level 2 spell: Passwall
  1280 | D:2      | Learned a level 3 spell: Stone Arrow
  1431 | D:2      | Found a faded altar of an unknown god.
  1456 | D:2      | Found Sisyrurch's Armour Shop.
  1465 | D:2      | Reached skill level 4 in Earth Magic
  1474 | D:2      | Identified the +12 spear "Pontang" {drain, rPois}
  1477 | D:2      | Noticed Sigmund
  1485 | D:2      | Slain by Sigmund

Illustrated notes

Levels and vault maps discovered:
D:1:      eino_arrival_cavern_d, layout_basic
D:2:      layout_basic, serial_shops, shop_fountains, shop,
          shapermc_ecumenical_altar_mp_highgroup, uniq_sigmund

Skill      XL: |  1  2  3 |
---------------+----------+-----
Transmutations | 1 |  1.2
Earth Magic    | 4 |  4.0
Dodging        | |  1.9
Stealth        | |  2.7
Spellcasting   | |  2.3

Action                   || total
-------------------------++-------
Melee: Rapier            ||    81
       Unarmed           ||     2
 Cast: Sandblast         ||     8
  Use: Scroll            ||     3
 Stab: Sleeping          ||     1
Armor: Robe              ||    40
Dodge: Dodged            ||    63
